 Dungeon Crawl Stone Soup version 0.28.0-43-g3370ac3207 (console) character file.

Game seed: 3036503434878652996

2 Zeor the Sneak (level 1, 0/11 HPs)
             Began as a Vine Stalker Brigand on Mar 22, 2022.
             Slain by a kobold
             ... wielding a +0 dagger
              (2 damage)
             ... on level 1 of the Dungeon.
             The game lasted 00:00:18 (51 turns).

Zeor the Sneak (Vine Stalker Brigand)                 Turns: 51, Time: 00:00:18

Health: 0/11       AC:  3    Str: 13    XL:     1   Next: 40%
Magic:  0/2        EV: 11    Int: 11    God:
Gold:   0          SH:  0    Dex: 15    Spells: 0/0 levels left

rFire   . . .      SeeInvis .   a - +2 dagger
rCold   . . .      Faith    .   (no shield)
rNeg    . . .      Spirit   +   b - +0 robe
rPois   .          Reflect  .   (no helmet)
rElec   .          Harm     .   c - +0 cloak
rCorr   .          Rampage  .   (no gloves)
Will    .....                   (no boots)
Stlth   +++.......              (no amulet)
HPRegen 0.03/turn               (no ring)
MPRegen 0.08/turn               (no ring)

@: no status effects
A: fangs 2, magic shield, antimagic bite, no potion heal 2
a: no special abilities


You were on level 1 of the Dungeon.
You visited 1 branch of the dungeon, and saw 1 of its levels.

Inventory:

Hand Weapons
 a - a +2 dagger (weapon)
Missiles
 d - 8 poisoned darts (quivered)
 e - 2 curare-tipped darts
 f - 17 sling bullets
Armour
 b - a +0 robe (worn)
 c - a +0 cloak (worn)


   Skills:
 + Level 1.7 Fighting
 + Level 1.7 Short Blades
 + Level 1.7 Throwing
 + Level 0.7 Dodging
 + Level 5.0 Stealth


You couldn't memorise any spells.
You didn't know any spells.
Your spell library was empty.

Dungeon Overview and Level Annotations

Branches:
Dungeon (1/15)

Altars:


Innate Abilities, Weirdness & Mutations

You have extremely sharp teeth.
When hurt, damage is shared between your health and your magic reserves.
Your bite disrupts and absorbs the magic of your enemies.
Potions cannot restore your health.


Message History

Found 17 sling bullets.
You see here 17 sling bullets.
f - 17 sling bullets A kobold comes into view.
It is wielding a +0 dagger.
A kobold comes into view. It is wielding a +0 dagger.
Found a scroll labelled CIUCWE VENOB.
The kobold shouts!
The kobold throws a stone.
The stone barely misses you.
A dart slug comes into view.
The dart slug launches a dart at you. The slug dart hits you.
Found 17 arrows.
The dart slug launches a dart at you. The slug dart hits you.
You hit the dart slug but do no damage.
You bite the dart slug, but do no damage.
You hit the dart slug.
The dart slug is moderately wounded.
The dart slug bites you but does no damage.
You hit the dart slug. You bite the dart slug. You drain its power.
You feel invigorated.
The dart slug is severely wounded.
The dart slug closely misses you.
You hit the dart slug.
You kill the dart slug!
An endoplasm comes into view.
Your Stealth skill increases to level 5!
You barely miss the kobold.
The endoplasm quivers.
The kobold hits you with a +0 dagger.
You closely miss the kobold. Your bite misses the kobold.
The kobold hits you with a +0 dagger.
* * * LOW HITPOINT WARNING * * *
You hit the kobold but do no damage. You bite the kobold, but do no damage.
The kobold hits you with a +0 dagger.
* * * LOW HITPOINT WARNING * * *
The kobold hits you but does no damage.
You hit the kobold but do no damage. The kobold hits you with a +0 dagger.
You closely miss the kobold. The kobold hits you with a +0 dagger.
You die... ∙∙∙∙∙∙∙∙∙∙∙∙∙∙∙∙∙∙∙∙∙∙∙∙ ∙∙∙∙∙∙∙∙∙∙∙∙∙∙∙∙∙∙∙∙∙∙∙∙ ∙∙∙∙∙∙∙K∙∙∙∙∙∙∙∙∙∙∙∙∙∙∙∙ ∙∙∙∙∙∙∙∙▒∙∙∙∙∙∙∙∙∙▒▒∙∙∙∙ ∙∙∙∙∙∙∙▒▒▒▒∙▒∙∙∙∙∙▒▒∙∙∙∙ ∙∙∙∙∙∙∙▒∙∙∙∙∙∙∙∙∙∙▒▒∙∙∙∙ ∙∙∙∙∙∙∙▒∙∙∙∙∙∙∙∙∙∙∙∙∙▒▒▒ ▒▒∙∙∙∙∙▒K∙∙∙∙∙∙∙∙∙∙∙∙▒▒▒ ∙∙∙∙J∙∙fK∙∙∙∙∙∙∙∙∙∙∙∙∙∙∙

∙∙▒▒▒∙∙∙∙∙∙∙∙∙∙▒▒▒∙∙∙▒▒▒
▒∙∙∙∙∙∙∙∙∙∙∙∙∙∙∙∙∙∙∙
∙∙∙∙∙∙∙∙∙∙∙∙∙∙∙∙∙∙≈∙∙
∙∙∙∙∙∙∙∙∙∙∙∙∙∙∙∙∙∙≈≈#∙
∙∙∙∙∙∙∙∙∙∙∙∙∙∙∙∙∙∙∙∙∙≈∙∙
∙∙∙∙∙∙∙(∙∙∙∙∙∙∙∙∙∙∙∙#∙∙∙
∙∙∙∙∙∙∙∙▒▒▒▒▒▒∙∙∙≈##∙≈<∙
∙###∙≈≈≈∙


You could see an endoplasm and 2 kobolds.

Vanquished Creatures
  A dart slug (D:1)
1 creature vanquished.

Notes
Turn   | Place    | Note
-------+----------+-------------------------------------------
     0 | D:1      | Zeor the Vine Stalker Brigand began the quest for the Orb.
     0 | D:1      | Reached XP level 1. HP: 11/11 MP: 2/2
    47 | D:1      | Reached skill level 5 in Stealth
    51 | D:1      | Slain by a kobold

Illustrated notes

Levels and vault maps discovered:
D:1:      minmay_arrival_five_plusses, layout_basic,
          ebering_ecumenical_altar_petrified, minmay_tetromino_i2

Skill      XL: |  1 |
---------------+----+-----
Stealth        | 5 |  5.0
Fighting       | |  1.7
Short Blades   | |  1.7
Throwing       | |  1.7
Dodging        | |  0.7

Action                   || total
-------------------------++-------
Melee: Dagger            ||     9
       Bite              ||     3
Armor: Robe              ||     2
Dodge: Dodged            ||     2
